 Dungeon Crawl Stone Soup version 0.30-a0-636-g200c5c4a83 (webtiles) character file.

Game seed: 11598423780353672696

27833 Gargoyl the Cleaver (level 13, -4/82 HPs)
             Began as a Gargoyle Berserker on Jan 15, 2023.
             Was a Priest of Trog.
             Killed from afar by a bog body (21 damage)
             ... with a bolt of cold
             ... on level 3 of the Lair of Beasts.
             The game lasted 00:19:28 (13203 turns).

Gargoyl the Cleaver (Gargoyle Berserker)           Turns: 13203, Time: 00:19:29

Health: -4/82      AC: 27    Str: 23    XL:     13   Next: 35%
Magic:  0/11       EV: 14    Int: 14    God:    Trog [***...]
Gold:   819        SH:  0    Dex: 20    Spells: 12/12 levels left

rFire   . . .      SeeInvis .    v - +0 broad axe (flame)
rCold   . . .      Faith    .    (no shield)
rNeg    + . .      Spirit   +    d - +4 scale mail "Ymnad" {+Blink Int+5 Dex+3 Stlth-}
rPois   ∞          Reflect  .    (no helmet)
rElec   +          Harm     .    (no cloak)
rCorr   .          Rampage  ∞    (no gloves)
Will    ++...      Clarity  +    p - +3 pair of seven-league boots {Rampage+∞} Stlth
                                 l - amulet of guardian spirit
HPRegen 1.33/turn                b - +6 ring of dexterity
MPRegen 0.12/turn                (no ring)

@: strong-willed, regenerating
A: sickness immunity, AC +9, negative energy resistance 1, electricity
resistance, torment resistance 1, petrification resistance, clarity, low MP 1,
noise suppression
a: Renounce Religion, Evoke Blink, Berserk, Trog's Hand


You were on level 3 of the Lair of Beasts.
You worshipped Trog.
Trog was most pleased with you.
You visited 2 branches of the dungeon, and saw 13 of its levels.
You also visited: Sewer.

You collected 819 gold pieces.

Inventory:

Hand Weapons
 a - a +1 hand axe
 m - the +6 hammer of Winter {freeze, rCorr Dex+4}
   (You found it on level 6 of the Dungeon)

   Dex:       It affects your dexterity (+4).
   rCorr:     It protects you from acid and corrosion.
 u - a +2 war axe
 v - a +0 broad axe of flaming (weapon)
 x - a +0 broad axe
Missiles
 C - 10 poisoned darts (quivered)
Armour
 d - the +4 scale mail "Ymnad" (worn) {+Blink Int+5 Dex+3 Stlth-}
   (You found it on level 3 of the Dungeon)

   Int:       It affects your intelligence (+5).
   Dex:       It affects your dexterity (+3).
   +Blink:    It lets you blink.
   Stlth:     It makes you less stealthy.
 p - the +3 pair of seven-league boots (worn) {Rampage+∞}
   (You found it on level 1 of the Lair of Beasts)

   Rampage+∞: When moving toward enemies, its wearer moves as far as possible.
Jewellery
 b - a +6 ring of dexterity (left hand)
 l - an amulet of guardian spirit (around neck)
 t - a ring of flight
 H - a ring of willpower
Wands
 n - a wand of paralysis (20)
 y - a wand of digging (3)
 A - a wand of mindburst (10)
 B - a wand of iceblast (9)
 D - a wand of polymorph (3)
Scrolls
 f - a scroll of magic mapping
 q - 2 scrolls of enchant armour
 s - a scroll of poison
 w - a scroll of blinking
 E - a scroll of enchant weapon
 F - 2 scrolls of identify
Potions
 c - 4 potions of berserk rage
 e - 2 potions of heal wounds
 g - 2 potions of flight
 h - 3 potions of magic
 i - 3 potions of cancellation
 j - a potion of might {unknown}
 k - 6 potions of curing
 o - 7 potions of ambrosia
 r - 2 potions of brilliance {unknown}
 z - 5 potions of lignification {unknown}
 G - a potion of degeneration {unknown}


   Skills:
 + Level 10.2 Fighting
 + Level 11.2(12.8) Axes
 + Level 10.9(13.2) Maces & Flails
 + Level 1.2 Throwing
 + Level 11.0 Armour
 + Level 6.9 Dodging
 + Level 3.1 Stealth
 + Level 0.7 Evocations


You had 12 spell levels left.
You didn't know any spells.
Your spell library was empty.

Dungeon Overview and Level Annotations

Branches:
Dungeon (10/15)            Temple (0/1) D:7            Lair (3/5) D:9
  Swamp (0/4) Lair:3        Sewer (visited)
  Snake: Lair:2-3    Spider: Lair:2-3       Orc: D:9-12

Altars:
Ashenzari
Cheibriados
Gozag
Kikubaaqudgha
Okawaru
Qazlal
Ru
Sif Muna
Zin
The Shining One


Innate Abilities, Weirdness & Mutations

You are immune to sickness and miasma.
Your stone body is resilient. (AC +9)
You are immune to poison.
You resist negative energy. (rN+)
You are resistant to electric shocks. (rElec)
You are resistant to unholy torment.
You are immune to petrification.
You possess an exceptional clarity of mind.
Your magical capacity is low. (-10% MP)
You passively dampen the noise of your surroundings.


Message History

The bullfrog hits you but does no damage.
The bullfrog misses you.
You hit the bullfrog. You burn the bullfrog.
The bullfrog is moderately wounded.
The bullfrog hits you but does no damage.
You closely miss the bullfrog.
The bullfrog is moderately wounded.
The bullfrog barely misses you.
The bullfrog hits you but does no damage.
You hit the bullfrog. You burn the bullfrog.
The bullfrog is heavily wounded.
The bullfrog misses you.
The bog body touches the fungus!
The fungus begins to die.
The bog body freezes the fungus!
You slash the bullfrog! You burn the bullfrog.
You kill the bullfrog!
Trog accepts your kill. The bog body casts a spell at you.
The bolt of cold misses you.
Your Armour skill increases to level 11!
Your skin crawls.
You feel strong-willed.
The bog body touches the fungus.
The bog body freezes the fungus!
You barely miss the bog body. The bog body casts a spell at you.
The bolt of cold hits you.
The bog body touches the fungus!
The bog body freezes the fungus!!
You slash the bog body!
The bog body is moderately damaged.
The bog body touches you. The bog body freezes you!!
The bog body touches the fungus!
The bog body freezes the fungus!!
You closely miss the bog body.
The bog body is moderately damaged.
A nearby fungus withers and dies.
The bog body touches you! The bog body freezes you!!
* * * LOW HITPOINT WARNING * * *
Your ogre goes berserk!
You can no longer call in reinforcements.
The bog body gestures at you while chanting.
The bolt of cold hits you!!
You die...

♣ #####.P.#.... ~§ ### #####
#.#P......).. §§§ #.###...##
##........... ~~♣. #.......P#
###♣........... ♣~...#........#
##.....†........ ..............#
#...............
.....P........####.......~.......
....##.......#.#.O....PP.........
#.. #(.......nn@###.♣...........
## #.......#.### ##.P.......#P#
####.#.#### ##♣....♣♣#### ###.#
#....# #.. ...## #.## ..#


You could see 2 bog bodies and a friendly ogre (summoned, berserk).

Vanquished Creatures
  A catoblepas (Lair:2)
  2 boulder beetles (Lair:1)
  Erica (Lair:1)
  A death yak (Lair:1)
  Nergalle (Lair:1)
  The ghost of tjtr the Poker, a novice GnBe of Trog (D:5)
  9 elephants
  A salamander (Lair:1)
  A black mamba (Lair:3)
  A guardian serpent (Lair:1)
  A gargoyle (D:8)
  10 cane toads
  An unseen horror (D:8)
  A kobold demonologist (D:9)
  Maggie (D:7)
  2 komodo dragons
  A meliai (shapeshifter) (D:8)
  A queen bee (Lair:1)
  A hornet (D:7)
  Grinder (D:6)
  7 dream sheep (Lair:3)
  9 blink frogs
  The ghost of Dartaoz the Cudgeller, an amateur GrFi (D:4)
  Sigmund (D:3)
  4 slime creatures (D:8)
  27 yaks
  A wyvern (D:9)
  A basilisk (D:9)
  A vampire mosquito (D:9)
  5 steam dragons
  7 water moccasins
  5 orc warriors
  4 black bears
  2 ice beasts
  A sky beast (D:8)
  2 centaurs
  Blork the orc (D:4)
  2 kobold brigands
  A gnoll sergeant (D:8)
  10 bullfrogs
  6 scorpions
  11 wights
  19 killer bees (Lair:1)
  5 howler monkeys
  2 electric eels
  A jelly (D:6)
  Crazy Yiuf (D:6)
  2 hounds (D:6)
  2 gnoll boudas
  3 orc priests
  A hell rat (Sewer)
  3 iguanas
  10 orc wizards
  10 gnolls
  4 river rats (Sewer)
  13 adders
  5 worms
  5 dart slugs
  34 orcs
  7 ball pythons
  5 endoplasms
  2 giant cockroaches
  10 goblins
  4 hobgoblins
  2 quokkas (D:3)
  7 bats
  3 frilled lizards
  11 kobolds
  11 rats
330 creatures vanquished.

Vanquished Creatures (others)
  A centaur (D:8)
  An orc wizard (D:6)
  8 fungi
  13 plants
23 creatures vanquished.

Grand Total: 353 creatures vanquished

Notes
Turn   | Place    | Note
-------+----------+-------------------------------------------
     0 | D:1      | Gargoyl the Gargoyle Berserker began the quest for the Orb.
     0 | D:1      | Reached XP level 1. HP: 14/14 MP: 1/1
     2 | D:1      | You fall into a shaft and drop 1 floor!
    62 | D:2      | Reached XP level 2. HP: 14/19 MP: 2/2
   306 | D:1      | Found a faded altar of an unknown god.
   347 | D:1      | Reached XP level 3. HP: 19/24 MP: 3/3
   963 | D:2      | Reached ** piety under Trog
  1102 | D:2      | Reached XP level 4. HP: 17/29 MP: 4/4
  1534 | D:3      | Identified the +4 scale mail "Ymnad" {+Blink Int+5 Dex+3
                  | Stlth-}
  1587 | D:3      | Noticed Sigmund
  1915 | D:3      | Killed Sigmund
  1916 | D:3      | Reached XP level 5. HP: 33/33 MP: 3/5
  1916 | D:3      | Reached XP level 6. HP: 38/38 MP: 3/6
  2145 | D:3      | Found a glowing golden altar of the Shining One.
  2561 | D:4      | Reached skill level 1 in Stealth
  2625 | D:4      | Reached skill level 5 in Axes
  2711 | D:4      | Reached XP level 7. HP: 35/44 MP: 5/7
  2766 | D:4      | Noticed Blork the orc
  2774 | D:4      | Killed Blork the orc
  2778 | D:4      | Found a transporter.
  2785 | D:4      | Found a transporter.
  2785 | D:4      | Noticed Dartaoz's ghost (amateur GrFi)
  2846 | D:4      | Found a snail-covered altar of Cheibriados.
  2954 | D:4      | Found an opulent altar of Gozag.
  3181 | D:4      | Reached skill level 5 in Fighting
  3181 | D:4      | Reached XP level 8. HP: 32/49 MP: 5/8
  3559 | D:4      | Found a glowing silver altar of Zin.
  3771 | D:4      | Killed Dartaoz's ghost
  3857 | D:5      | Entered Level 5 of the Dungeon
  3982 | D:5      | Reached skill level 5 in Armour
  4215 | D:5      | Found a glowing drain.
  4220 | Sewer    | Entered a sewer
  4235 | Sewer    | Reached *** piety under Trog
  4490 | D:5      | Found a broken altar of Ashenzari.
  4747 | D:5      | Found a runed translucent gate.
  4747 | D:5      | Found a runed translucent gate.
  4749 | D:5      | Found a runed translucent gate.
  4751 | D:5      | Noticed tjtr's ghost (novice GnBe)
  5023 | D:5      | Killed tjtr's ghost
  5024 | D:5      | Reached XP level 9. HP: 56/56 MP: 9/9
  5122 | D:6      | Found an iron altar of Okawaru.
  5397 | D:6      | Found a runed translucent door.
  5398 | D:6      | Noticed Crazy Yiuf
  5410 | D:6      | Killed Crazy Yiuf
  5413 | D:6      | Identified the +6 hammer of Winter {freeze, rCorr Dex+4}
  5460 | D:6      | Noticed Grinder
  5464 | D:6      | Paralysed by Grinder for 3 turns
  5470 | D:6      | Paralysed by Grinder for 3 turns
  5478 | D:6      | Paralysed by Grinder for 2 turns
  5480 | D:6      | Killed Grinder
  5537 | D:6      | Reached skill level 1 in Maces & Flails
  5711 | D:6      | Found a stormy altar of Qazlal.
  5769 | D:6      | Found a sacrificial altar of Ru.
  6018 | D:7      | Noticed Maggie
  6032 | D:7      | Killed Maggie
  6115 | D:7      | Found a staircase to the Ecumenical Temple.
  6119 | D:7      | Noticed a hornet
  6127 | D:7      | Killed a hornet
  6252 | D:7      | Found an ancient bone altar of Kikubaaqudgha.
  6323 | D:7      | Reached XP level 10. HP: 63/63 MP: 10/10
  7147 | D:8      | Identified the +10 falchion "Ocluss" {freeze, Str+6 Int-3
                  | SInv}
  7151 | D:8      | Noticed a gargoyle
  7166 | D:8      | Killed an unseen horror
  7341 | D:8      | Reached skill level 5 in Maces & Flails
  7378 | D:8      | Killed a gargoyle
  7426 | D:8      | Reached skill level 5 in Dodging
  7968 | D:8      | Reached XP level 11. HP: 68/68 MP: 11/11
  8209 | D:9      | Found a staircase to the Lair.
  8638 | D:9      | Found a shimmering blue altar of Sif Muna.
  9140 | D:10     | Entered Level 10 of the Dungeon
  9355 | Lair:1   | Entered Level 1 of the Lair of Beasts
  9365 | Lair:1   | Gained mutation: You possess an exceptional clarity of
                  | mind. [potion of mutation]
  9365 | Lair:1   | Gained mutation: Your magical capacity is low. (-10% MP)
                  | [potion of mutation]
  9365 | Lair:1   | Gained mutation: You passively dampen the noise of your
                  | surroundings. [potion of mutation]
  9491 | Lair:1   | Noticed Nergalle
  9546 | Lair:1   | Killed Nergalle
  9783 | Lair:1   | Noticed a boulder beetle
  9811 | Lair:1   | Killed a boulder beetle
  9864 | Lair:1   | Noticed a death yak
  9864 | Lair:1   | Noticed a boulder beetle
  9897 | Lair:1   | Reached XP level 12. HP: 37/75 MP: 3/10
 10178 | Lair:1   | Reached skill level 10 in Maces & Flails
 10178 | Lair:1   | Reached skill level 10 in Armour
 10474 | Lair:1   | Noticed Erica
 10486 | Lair:1   | Killed Erica
 10984 | Lair:1   | Found the +3 pair of seven-league boots {Rampage+∞}
 11011 | Lair:1   | Killed a death yak
 11012 | Lair:1   | Killed a boulder beetle
 11353 | Lair:2   | Noticed a catoblepas
 11379 | Lair:2   | Killed a catoblepas
 11767 | Lair:2   | Reached skill level 1 in Throwing
 11984 | Lair:2   | Reached skill level 10 in Axes
 12210 | Lair:2   | Reached XP level 13. HP: 82/82 MP: 11/11
 12291 | Lair:2   | Reached **** piety under Trog
 12508 | Lair:2   | Reached skill level 10 in Fighting
 13182 | Lair:3   | Found a staircase to the Swamp.
 13203 | Lair:3   | Killed from afar by a bog body

Illustrated notes

Levels and vault maps discovered:
D:1:      matt_arrival_grand_opening, layout_loops_ring,
          dreamdust_ecumenical_altar_statues, kennysheep_another_room
D:2:      layout_loops_ring
D:3:      kennysheep_six_static_rooms, layout_basic,
          mainiacjoe_overflow_catwalk, uniq_sigmund
D:4:      old_forge, layout_basic,
          nicolae_gozag_cash_rules_everything_around_me, slow_altar_1,
          mainiacjoe_overflow_surrounded_room, gammafunk_ghost_arena,
          uniq_blork_the_orc
D:5:      layout_basic, mainiacjoe_overflow_brackets,
          biasface_ghost_orc_armoury, gup_sewer_entry_bowl
D:6:      layout_loops_ring, marbit_many_paths, nicolae_ru_the_path_less_chosen,
          overflow_temple_1_default, uniq_crazy_yiuf_cottage, uniq_grinder
D:7:      layout_gridville, mainiacjoe_overflow_six_doors_small,
          minmay_temple_entry_slanted, uniq_maggie
D:8:      nzn_winding_woodlands_cross [nzn_winding_woodlands_5x15_zeroes,
          nzn_winding_woodlands_5x15_eye, nzn_winding_woodlands_5x15_pool,
          nzn_winding_woodlands_5x15_sidewinder,
          nzn_winding_woodlands_15x15_eel_pit], layout_rooms,
          hangedman_abyss_or_decor_stabs
D:9:      minmay_angry_zag, layout_grid_maze,
          mainiacjoe_overflow_small_starburst, david_lair_generic
D:10:     layout_long_grid
Lair:1:   layout_gridlike, special_room [special_room_bee],
          hellmonk_guarded_unrand_seven_league_boots, uniq_erica, uniq_nergalle
Lair:2:   layout_cave_pods
Lair:3:   layout_roguey [special_room_mythical_zoo], skrybe_swamp_entry_bodies,
          guppyfry_snake_entry_island, grunt_forest_small_clearings

Skill      XL: |  1  2  3  4  5  6  7  8  9 10 11 12 13 |
---------------+----------------------------------------+-----
Axes           | 3 4 5 6 7 8 10 11 | 11.2
Dodging        | 2 3 4 5 6 |  6.9
Fighting       | 4 5 6 7 8 9 10 | 10.2
Armour         | 3 4 5 6 8 9 10 11 | 11.0
Stealth        | 1 2 3 |  3.1
Maces & Flails | 3 6 9 10 | 10.9
Throwing       | 1 |  1.2
Evocations     | |  0.7

Action                   |  1- 3 |  4- 6 |  7- 9 | 10-12 | 13-15 || total
-------------------------+-------+-------+-------+-------+-------++-------
Melee: Hand axe          |    99 |   122 |   397 |       |       ||   618
       Punch             |       |     2 |    11 |    12 |     1 ||    26
       Mace              |       |       |    51 |   585 |       ||   636
       Broad axe         |       |       |       |    81 |    90 ||   171
Throw: Dart              |       |       |       |    11 |       ||    11
Invok: Berserk           |     1 |     4 |     8 |    11 |     1 ||    25
       Trog's Hand       |       |     3 |     6 |    19 |     2 ||    30
       Brothers in Arms  |       |       |       |       |     1 ||     1
 Abil: Evoke Blink       |       |       |       |     1 |       ||     1
Evoke: Wand              |       |       |       |     3 |       ||     3
  Use: Scroll            |       |     5 |     8 |    11 |       ||    24
       Potion            |       |       |       |     4 |       ||     4
 Stab: Petrifying        |       |       |       |     1 |       ||     1
       Petrified         |       |       |       |     1 |       ||     1
Armor: Animal skin       |    15 |       |       |       |       ||    15
       Ring mail         |    25 |    15 |       |       |       ||    40
       Scale mail        |       |    54 |   255 |   414 |    51 ||   774
Dodge: Dodged            |    55 |    96 |   245 |   595 |    66 ||  1057

Table legend: (Time is in decaauts)
 A = Elapsed time spent in this place.
 B = Non-inter-level travel time spent in this place.
 C = Inter-level travel time spent in this place.
 D = Time resting spent in this place.
 E = Time spent auto-exploring this place.
 F = Levels seen in this place.
 G = Mean time per level.
                   A        B        C        D        E       F      G
               +--------+--------+--------+--------+--------+-----+--------+
         Total |  13409 |  12994 |    415 |    812 |   9038 |  14 |  957.8 |
       Dungeon |   9342 |   9004 |    338 |    464 |   6366 |  10 |  934.2 |
          Lair |   3892 |   3815 |     77 |    342 |   2630 |   3 | 1297.3 |
         Sewer |    175 |    175 |      0 |      5 |     41 |   1 |  175.0 |
               +--------+--------+--------+--------+--------+-----+--------+

Top non-repeatable levels by time:
  Lair:1: 2191 daAuts
     D:4: 1599 daAuts
  Lair:2: 1462 daAuts
     D:9: 1321 daAuts
     D:8: 1150 daAuts
     D:5: 1055 daAuts
     D:2: 939 daAuts
     D:7: 922 daAuts
     D:6: 914 daAuts
     D:3: 807 daAuts
     D:1: 606 daAuts
  Lair:3: 238 daAuts
   Sewer: 175 daAuts
    D:10: 24 daAuts
